 Dungeon Crawl Stone Soup version 0.31.0-12-g77e489cdc1 (webtiles) character file.

Game seed: 11331005919286563962

3406 Renzlar the Blocker (level 10, 0/81 HPs)
             Began as a Gnoll Fighter on Feb 22, 2024.
             Succumbed to monsoonserge's ghost's poison
             ... on level 7 of the Dungeon.
             The game lasted 00:32:15 (5378 turns).

Renzlar the Blocker (Gnoll Fighter)                 Turns: 5378, Time: 00:32:16

Health: 0/81       AC: 21    Str: 19    XL:     10   Next: 4%
Magic:  11/17      EV:  6    Int: 10    God:
Gold:   518        SH:  9    Dex:  9    Spells: 19/19 levels left

rFire   . . .        a - +0 war axe (heavy)
rCold   . . .        F - +0 kite shield
rNeg    . . .        l - +1 plate armour of Negligence {Fly rPois Regen+ Int-5}
rPois   +            v - +2 helmet
rElec   .            (no cloak)
rCorr   .            u - +1 pair of gloves
SInv    .            D - +0 pair of boots
Will    .....        i - amulet of guardian spirit Stlth
                     C - +6 ring of intelligence
HPRegen 1.13/turn    (no ring)
MPRegen 0.15/turn

%: guardian spirit
@: mighty, lethally poisoned (0 -> -12), flying
A: fangs 1, strong nose, distributed training, hooves 1, clumsy 1, evolution 1
a: no special abilities


You were on level 7 of the Dungeon.
You visited 2 branches of the dungeon, and saw 8 of its levels.
You also visited: Sewer and Ossuary.

You collected 886 gold pieces.
You spent 368 gold pieces at shops.

Inventory:

Hand Weapons
 a - a +0 heavy war axe (weapon)
 c - a +2 hand cannon of flaming
Missiles
 e - 36 poisoned darts (quivered)
 k - a throwing net
 o - 2 boomerangs
Armour
 b - a +0 scale mail
 l - the +1 plate armour of Negligence (worn) {Fly rPois Regen+ Int-5}
   (You found it on level 2 of the Dungeon)

   Int-5:     It affects your intelligence (-5).
   rPois:     It protects you from poison Fly: It grants you flight.
   Regen+:    It increases your rate of health regeneration.
 u - a +1 pair of gloves (worn)
 v - a +2 helmet (worn)
 D - a +0 pair of boots (worn)
 F - a +0 kite shield (worn)
Jewellery
 i - an amulet of guardian spirit (around neck)
 y - a ring of ice
 C - a +6 ring of intelligence (left hand)
Talismans
 G - a flux talisman
Wands
 d - a wand of mindburst (14)
 r - a wand of roots (9)
 x - a wand of quicksilver (6)
Scrolls
 g - 5 scrolls of teleportation
 m - 2 scrolls of enchant armour
 s - 2 scrolls of summoning
 w - 3 scrolls of fear
 B - 4 scrolls of blinking
Potions
 h - 6 potions of curing
 j - 4 potions of resistance
 n - a potion of experience {unknown}
 p - 2 potions of haste
 q - a potion of lignification {unknown}
 t - a potion of berserk rage {unknown}
 A - 2 potions of cancellation


   Skills:
 + Level 8.3 Fighting
 + Level 5.0 Short Blades
 + Level 5.0 Long Blades
 + Level 6.9 Axes
 + Level 5.0 Maces & Flails
 + Level 5.0 Polearms
 + Level 5.0 Staves
 + Level 5.0 Ranged Weapons
 + Level 5.0 Throwing
 + Level 8.3 Armour
 + Level 5.0 Dodging
 + Level 5.0 Stealth
 + Level 8.3 Shields
 + Level 5.0 Unarmed Combat
 + Level 5.0 Spellcasting
 + Level 4.1 Conjurations
 + Level 4.1 Hexes
 + Level 4.1 Summonings
 + Level 4.1 Necromancy
 + Level 4.1 Translocations
 + Level 4.1 Fire Magic
 + Level 4.1 Ice Magic
 + Level 4.1 Air Magic
 + Level 4.1 Earth Magic
 + Level 4.1 Alchemy
 + Level 5.5 Invocations
 + Level 5.0 Evocations
 + Level 4.6 Shapeshifting


You had 19 spell levels left.
You didn't know any spells.
Your spell library was empty.

Dungeon Overview and Level Annotations

Branches:
Dungeon (7/15)             Temple (1/1) D:4           Sewer (visited)
Ossuary (visited)

Altars:
Ashenzari
Hepliaklqana
Kikubaaqudgha
Nemelex Xobeh
Ru
Sif Muna
Trog
Uskayaw
Wu Jian
Xom
Yredelemnul
Zin

Shops:
D:1 ?   D:2 (   D:3 (   D:4 *   D:5 [

Annotations:
D:7 monsoonserge's ghost, novice SpDe


Innate Abilities, Weirdness & Mutations

You have very sharp teeth.
Your uncanny sense of smell can sniff out nearby items.
Your experience applies equally to all skills.
You have large cloven feet.
You are clumsy. (Dex -2)
You have hidden genetic potential.


Message History

You completely miss monsoonserge's ghost.
You feel very sick.
You block monsoonserge's ghost's attack.
Monsoonserge's ghost hits you but does no damage.
You completely miss monsoonserge's ghost.
You feel sick.
Monsoonserge's ghost wails.
Monsoonserge's ghost barely misses you. x2
You closely miss monsoonserge's ghost.
You feel sick.
Monsoonserge's ghost hits you but does no damage.
You completely miss monsoonserge's ghost.
Your bite misses monsoonserge's ghost.
You feel sick.
You are no longer poisoned.
Monsoonserge's ghost hits you but does no damage.
Monsoonserge's ghost hits you.
* * * LOW HITPOINT WARNING * * *
You completely miss monsoonserge's ghost.
Monsoonserge's ghost hits you but does no damage.
You are poisoned.
Monsoonserge's ghost hits you but does no damage.
You miss monsoonserge's ghost.
You feel very sick. Monsoonserge's ghost hits you.
* * * LOW HITPOINT WARNING * * *
You block monsoonserge's ghost's attack.
You completely miss monsoonserge's ghost.
Your bite misses monsoonserge's ghost.
You feel sick.
You block monsoonserge's ghost's attack.
Monsoonserge's ghost hits you.
* * * LOW HITPOINT WARNING * * *
Unknown command.
You miss monsoonserge's ghost.
You feel sick.
Monsoonserge's ghost hits you but does no damage.
You are more poisoned.
Monsoonserge's ghost hits you.
* * * LOW HITPOINT WARNING * * *
You are lethally poisoned!
Unknown command.
You completely miss monsoonserge's ghost.
You die...

...............
............... .#.
..............
.....##...........
.....(.#....>.....
................#######
./..#...........#.....#
....##..........@W~~~$#
.....#..........#....=#
................#######
.!...............#
.................#
......<..........#
.....(...........#
...................
...........##......


You could see monsoonserge's ghost.

Vanquished Creatures
  Grinder (D:3)
  A steam dragon (D:6)
  2 water moccasins (D:6)
  An acid dragon (D:6)
  4 ice beasts
  2 black bears (D:4)
  2 ogres
  A crocodile (Sewer)
  A centaur (D:6)
  A phantom (D:6)
  4 kobold brigands
  An elf zombie (Ossuary)
  2 gnoll sergeants (D:6)
  4 scorpions
  4 wights (D:6)
  3 howler monkeys
  An orc priest (D:3)
  3 human zombies (Ossuary)
  3 sleepcaps
  2 hounds (D:5)
  3 iguanas
  Ijyb (D:3)
  An orc wizard (D:5)
  A hound zombie (Ossuary)
  4 mummies (Ossuary)
  Robin (D:3)
  5 gnolls (D:6)
  16 adders
  2 shadow imps
  An adder zombie (Ossuary)
  3 ribbon worms
  2 dart slugs
  10 orcs
  12 endoplasms
  8 giant cockroaches
  10 hobgoblins
  4 jackals (D:1)
  14 kobolds
  5 quokkas
  7 ball pythons
  8 bats
  4 frilled lizards
  12 goblins
  A hobgoblin zombie (Ossuary)
  2 jackal zombies (Ossuary)
  An orc zombie (Ossuary)
  4 rats
  2 rat zombies (Ossuary)
187 creatures vanquished.

Vanquished Creatures (others)
  A scorpion (D:6)
  A gnoll (D:6)
2 creatures vanquished.

Grand Total: 189 creatures vanquished

Notes
Turn   | Place    | Note
-------+----------+-------------------------------------------
     0 | D:1      | Renzlar the Gnoll Fighter began the quest for the Orb.
     0 | D:1      | Reached XP level 1. HP: 23/23 MP: 1/1
    76 | D:1      | Found Irelidiu's Magic Scroll Shop.
   159 | D:1      | Reached XP level 2. HP: 29/29 MP: 2/2
   797 | D:2      | Reached XP level 3. HP: 34/35 MP: 2/4
   878 | D:2      | Reached skill level 1 in Invocations
   940 | D:2      | Found a faded altar of an unknown god.
   985 | D:2      | Reached skill level 1 in Short Blades
   985 | D:2      | Reached skill level 1 in Long Blades
   985 | D:2      | Reached skill level 1 in Maces & Flails
   985 | D:2      | Reached skill level 1 in Polearms
   985 | D:2      | Reached skill level 1 in Staves
   985 | D:2      | Reached skill level 1 in Ranged Weapons
   985 | D:2      | Reached skill level 1 in Throwing
   985 | D:2      | Reached skill level 1 in Dodging
   985 | D:2      | Reached skill level 1 in Stealth
   985 | D:2      | Reached skill level 1 in Unarmed Combat
   985 | D:2      | Reached skill level 1 in Spellcasting
   985 | D:2      | Reached skill level 1 in Evocations
  1156 | D:2      | Reached skill level 1 in Shapeshifting
  1156 | D:2      | Reached XP level 4. HP: 39/41 MP: 5/5
  1172 | D:2      | Identified the +1 plate armour of Negligence {Fly rPois
                  | Regen+ Int-5}
  1361 | D:2      | Reached skill level 1 in Conjurations
  1361 | D:2      | Reached skill level 1 in Hexes
  1361 | D:2      | Reached skill level 1 in Summonings
  1361 | D:2      | Reached skill level 1 in Necromancy
  1361 | D:2      | Reached skill level 1 in Translocations
  1361 | D:2      | Reached skill level 1 in Fire Magic
  1361 | D:2      | Reached skill level 1 in Ice Magic
  1361 | D:2      | Reached skill level 1 in Air Magic
  1361 | D:2      | Reached skill level 1 in Earth Magic
  1361 | D:2      | Reached skill level 1 in Alchemy
  1397 | D:2      | Found Cufeehy's Weapon Boutique.
  1600 | D:3      | Found a basalt altar of Yredelemnul.
  1857 | D:3      | Noticed Ijyb
  1863 | D:3      | Killed Ijyb
  1864 | D:3      | Reached XP level 5. HP: 18/47 MP: 2/7
  1924 | D:3      | Found a glowing drain.
  1949 | Sewer    | Entered a sewer
  2006 | Sewer    | Noticed a kobold brigand
  2023 | Sewer    | Killed a kobold brigand
  2024 | Sewer    | Reached XP level 6. HP: 53/53 MP: 8/8
  2057 | Sewer    | Reached skill level 5 in Axes
  2253 | Sewer    | Reached XP level 7. HP: 58/60 MP: 8/10
  2352 | D:3      | Found a sparkling altar of Nemelex Xobeh.
  2383 | D:3      | Found Yrphuczo Nozo's Weapon Shoppe.
  2703 | D:3      | Noticed Robin
  2712 | D:3      | Killed Robin
  2798 | D:3      | Noticed Grinder
  2806 | D:3      | Killed Grinder
  2968 | D:4      | Found Boetuuva's Lightly-Used Armoury.
  3021 | D:4      | Reached XP level 8. HP: 38/67 MP: 5/12
  3201 | D:4      | Found a staircase to the Ecumenical Temple.
  3210 | Temple   | Entered the Ecumenical Temple
  3492 | D:5      | Entered Level 5 of the Dungeon
  3570 | D:4      | Identified a scroll of acquirement
  3570 | D:4      | Acquired 515 gold pieces
  3666 | D:2      | Bought a +2 hand cannon of flaming for 256 gold pieces
  3859 | D:5      | Found a sand-covered staircase.
  3869 | Ossuary  | Entered an ossuary
  3888 | Ossuary  | Reached XP level 9. HP: 57/73 MP: 10/14
  4247 | D:5      | Found Zyanergh's Antique Armour Shop.
  4250 | D:5      | Bought a kite shield for 112 gold pieces
  4284 | D:5      | Found a sacrificial altar of Ru.
  4662 | D:6      | Reached skill level 5 in Invocations
  5241 | D:6      | Gained mutation: You are partially covered in iridescent
                  | scales. (AC +2) [potion of mutation]
  5241 | D:6      | Gained mutation: You expend magic power (3 MP) to
                  | strengthen your wands. [potion of mutation]
  5241 | D:6      | Gained mutation: Your system is resistant to poisons.
                  | (rPois) [potion of mutation]
  5242 | D:6      | Lost mutation: You are partially covered in iridescent
                  | scales. (AC +2) [potion of mutation]
  5242 | D:6      | Lost mutation: Your system is resistant to poisons. (rPois)
                  | [potion of mutation]
  5242 | D:6      | Lost mutation: You expend magic power (3 MP) to strengthen
                  | your wands. [potion of mutation]
  5242 | D:6      | Gained mutation: You are partially covered in iridescent
                  | scales. (AC +2) [potion of mutation]
  5242 | D:6      | Gained mutation: You are dopey. (Int -2) [potion of
                  | mutation]
  5242 | D:6      | Gained mutation: You are clumsy. (Dex -2) [potion of
                  | mutation]
  5242 | D:6      | Lost mutation: You are dopey. (Int -2) [potion of mutation]
  5243 | D:6      | Lost mutation: You are partially covered in iridescent
                  | scales. (AC +2) [potion of mutation]
  5243 | D:6      | Lost mutation: You are clumsy. (Dex -2) [potion of
                  | mutation]
  5243 | D:6      | Gained mutation: Armour fits poorly on your strangely
                  | shaped body. [potion of mutation]
  5244 | D:6      | Lost mutation: Armour fits poorly on your strangely shaped
                  | body. [potion of mutation]
  5244 | D:6      | Gained mutation: You have large cloven feet. [potion of
                  | mutation]
  5244 | D:6      | Gained mutation: You are clumsy. (Dex -2) [potion of
                  | mutation]
  5244 | D:6      | Gained mutation: You have hidden genetic potential. [potion
                  | of mutation]
  5275 | D:6      | Reached skill level 5 in Short Blades
  5275 | D:6      | Reached skill level 5 in Long Blades
  5275 | D:6      | Reached skill level 5 in Maces & Flails
  5275 | D:6      | Reached skill level 5 in Polearms
  5275 | D:6      | Reached skill level 5 in Staves
  5275 | D:6      | Reached skill level 5 in Ranged Weapons
  5275 | D:6      | Reached skill level 5 in Throwing
  5275 | D:6      | Reached skill level 5 in Dodging
  5275 | D:6      | Reached skill level 5 in Stealth
  5275 | D:6      | Reached skill level 5 in Unarmed Combat
  5275 | D:6      | Reached skill level 5 in Spellcasting
  5275 | D:6      | Reached skill level 5 in Evocations
  5275 | D:6      | Reached XP level 10. HP: 47/81 MP: 8/17
  5328 | D:7      | Found a runed translucent door.
  5334 | D:7      | Noticed monsoonserge's ghost (novice SpDe)
  5378 | D:7      | Succumbed to monsoonserge's ghost's poison

Illustrated notes

Levels and vault maps discovered:
D:1:      zaba_arrival_water, layout_basic, serial_shops,
          nicolae_shop_rolled_up, serial_park_tiny_2, minmay_misc_feat_square,
          serial_bayou_crossing
D:2:      layout_loops_cross, serial_shops, nicolae_shop_bloodbath_and_beyond,
          basic_ecumenical_altar, chequers_serial_rivers_large_b
D:3:      layout_loops_corners, nemelex_dance_club_becter,
          mainiacjoe_overflow_alcove_4, serial_shops, shop,
          portal_sewer_entry_f, uniq_ijyb, uniq_robin, uniq_grinder
D:4:      layout_rooms, temple_pool_b, minmay_shop_damaged
D:5:      layout_rooms, nicolae_ru_great_annihilating_truth, serial_shops,
          kennysheep_mini_moat, nicolae_ossuary_entry_monument
D:6:      layout_layer_cave, serial_rivers, chequers_serial_rivers_marsh,
          chequers_serial_rivers_room_a, chequers_serial_rivers_room_a,
          chequers_serial_rivers_micro_c, chequers_serial_rivers_micro_c,
          chequers_serial_rivers_room_b
D:7:      layout_cave_pools, ebering_ghost_reflecting_pool, item_on_display_a
Temple:   nicolae_temple_figure_zero

Skill      XL: |  1  2  3  4  5  6  7  8  9 |
---------------+----------------------------+-----
Invocations    | 1 2 3 4 5 |  5.5
Short Blades   | 1 2 3 5 |  5.0
Long Blades    | 1 2 3 5 |  5.0
Maces & Flails | 1 2 3 5 |  5.0
Polearms       | 1 2 3 5 |  5.0
Staves         | 1 2 3 5 |  5.0
Ranged Weapons | 1 2 3 5 |  5.0
Throwing       | 1 2 3 5 |  5.0
Dodging        | 1 2 3 5 |  5.0
Stealth        | 1 2 3 5 |  5.0
Unarmed Combat | 1 2 3 5 |  5.0
Spellcasting   | 1 2 3 5 |  5.0
Evocations     | 1 2 3 5 |  5.0
Shapeshifting  | 1 2 3 4 |  4.6
Conjurations   | 1 2 3 4 |  4.1
Hexes          | 1 2 3 4 |  4.1
Summonings     | 1 2 3 4 |  4.1
Necromancy     | 1 2 3 4 |  4.1
Translocations | 1 2 3 4 |  4.1
Fire Magic     | 1 2 3 4 |  4.1
Ice Magic      | 1 2 3 4 |  4.1
Air Magic      | 1 2 3 4 |  4.1
Earth Magic    | 1 2 3 4 |  4.1
Alchemy        | 1 2 3 4 |  4.1
Axes           | 5 6 |  6.9
Fighting       | 7 8 |  8.3
Armour         | 7 8 |  8.3
Shields        | 7 8 |  8.3

Action                     |  1- 3 |  4- 6 |  7- 9 | 10-12 || total
---------------------------+-------+-------+-------+-------++-------
  Melee: War axe           |    92 |   166 |   196 |    38 ||   492
         Bite              |     2 |    17 |    21 |       ||    40
   Fire: Sling             |       |       |    10 |       ||    10
         Hand cannon       |       |       |    47 |     4 ||    51
  Throw: Dart              |       |     1 |       |       ||     1
  Evoke: Wand              |       |       |       |     1 ||     1
    Use: Scroll            |     5 |     7 |    11 |       ||    23
         Potion            |       |     1 |     6 |     1 ||     8
 Armour: Scale mail        |    54 |     1 |       |       ||    55
         Plate armour      |       |   117 |   323 |    49 ||   489
  Dodge: Dodged            |    42 |    34 |   111 |     7 ||   194
  Block: Buckler           |    36 |    32 |    47 |       ||   115
         Kite shield       |       |       |    71 |    18 ||    89
